 Dungeon Crawl Stone Soup version 0.24-a0-397-g73b976d (webtiles) character file.

Game seed: 13050137683167867410

56 topirishpotato the Sneak (level 3, -5/16 HPs)
             Began as a Spriggan Earth Elementalist on June 4, 2019.
             Killed from afar by Sigmund (10 damage)
             ... with a magic dart
             ... on level 2 of the Dungeon.
             The game lasted 00:03:46 (2204 turns).

topirishpotato the Sneak (SpEE)                     Turns: 2204, Time: 00:03:47

Health: -5/16      AC:  2    Str:  5    XL:     3   Next: 69%
Magic:  2/8        EV: 18    Int: 16    God:
Gold:   84         SH:  0    Dex: 16    Spells: 6/7 levels left

rFire    . . .     SeeInvis +   k - +2 whip (drain)
rCold    . . .     Gourm    .   (shield restricted)
rNeg     . . .     Faith    .   c - +0 robe
rPois    .         Spirit   .   (helmet restricted)
rElec    .         Reflect  .   (no cloak)
rCorr    .         Harm     .   (gloves unavailable)
MR       .....                  (boots unavailable)
Stlth    +.........             (no amulet)
HPRegen  0.05/turn              (no ring)
MPRegen  0.11/turn              (no ring)

@: confused, very slightly contaminated, very quick
A: very small, unfitting armour, see invisible, herbivore, speed 3, slow
metabolism 2
a: no special abilities


You were on level 2 of the Dungeon.
You were not hungry.

You visited 1 branch of the dungeon, and saw 2 of its levels.

You collected 84 gold pieces.

Inventory:

Hand Weapons
 k - a +2 whip of draining (weapon)
Missiles
 b - 35 stones (quivered)
Armour
 c - a +0 robe (worn)
Scrolls
 a - a scroll of fear {unknown}
 e - 2 scrolls of identify {unknown}
 i - 2 scrolls of amnesia {unknown}
Potions
 f - a potion of degeneration {unknown}
 g - a potion of flight {unknown}
 h - a potion of might {unknown}
 j - a potion of berserk rage {unknown}
Comestibles
 d - 6 rations


   Skills:
 - Level 3.0 Dodging
 + Level 6.5 Stealth
 - Level 2.6 Spellcasting
   Level 1.3 Transmutations
 - Level 2.6 Earth Magic


You had 6 spell levels left.
You knew the following spells:

 Your Spells              Type           Power        Failure   Level  Hunger
a - Sandblast             Erth           ##....       6%          1    #......

Your spell library contained the following spells:

 Spells                   Type           Power        Failure   Level  Hunger
 Passwall                 Tmut/Erth      #.......     13%         2    ##.....
 Stone Arrow              Conj/Erth      #.....       32%         3    ###....
 Petrify                  Tmut/Erth      #.......     63%         4    #####..
 Lee's Rapid Deconstruct  Erth           ##........   87%         5    ######.


Dungeon Overview and Level Annotations

Branches:
Dungeon (2/15)

Altars:
Hepliaklqana

Annotations:
D:2 Sigmund


Innate Abilities, Weirdness & Mutations

You are very small and have problems with some larger weapons.
You are too small for most types of armour.
You have supernaturally acute eyesight. (SInv)
You are a herbivore.
You cover ground extremely quickly.
You need to consume almost no food.


Message History

b - 36 stones Sigmund casts a spell at you.
You resist with some effort.
Casting: Sandblast (safe; 6% risk of failure)
Confirm with . or Enter, or press ? or * to list all spells.
Aiming: Sandblast (safe; 6% risk of failure)
Press: ? - help, Shift-Dir - straight line, f/p - Sigmund
Aim: Sigmund, wielding a +0 scythe and wearing a +0 robe (severely wounded, slightly transparent)
The blast of sand hits Sigmund!
Sigmund is almost dead.
b - 35 stones Sigmund casts a spell at you.
You are confused.
You're too confused to cast spells.
Sorry, you're not good enough to have a special ability.
Unknown command.
Sigmund casts a spell at you. The magic dart hits you!
Ouch! That really hurt!
You die...

#........@......#
...####..###.###.#.#
.........# #.# #.#.#
...####.)###'###.#.#
.....#.@...'_###.#)#
#.#.....###'###...#
#.......# #.# #...#
##.#....###.###.#.#
####.....@........#.#
#..........#........#
#.........)##########
#..........)<††#
#........#.#.#.#
#........#...#.#
#........#####÷#
#.......>+.....#
#........#######


You could see Sigmund (invisible).

Vanquished Creatures
  2 adders (D:2)
  A worm (D:2)
  A dart slug (D:2)
  4 bats (D:1)
  A giant cockroach (D:2)
  4 goblins
  A hobgoblin (D:2)
  9 jackals
  A ball python (D:2)
  4 kobolds
  4 rats
  A toadstool (D:1)
33 creatures vanquished.

Vanquished Creatures (others)
  A quokka (D:2)
  A bat (D:2)
  A rat (D:2)
  3 toadstools (D:1)
6 creatures vanquished.

Grand Total: 39 creatures vanquished

Notes
Turn   | Place    | Note
-------+----------+-------------------------------------------
     0 | D:1      | topirishpotato the Spriggan Earth Elementalist began the
                  | quest for the Orb.
     0 | D:1      | Reached XP level 1. HP: 9/9 MP: 5/5
   226 | D:1      | Reached skill level 4 in Stealth
   325 | D:1      | Reached XP level 2. HP: 13/13 MP: 4/6
  1178 | D:2      | Reached skill level 5 in Stealth
  1216 | D:2      | Noticed Sigmund
  1501 | D:2      | Reached XP level 3. HP: 13/16 MP: 8/8
  1754 | D:2      | Reached skill level 6 in Stealth
  1909 | D:2      | Found a hazy altar of Hepliaklqana.
  2204 | D:2      | Killed from afar by Sigmund

Levels and vault maps discovered:
D:1:      ldierk_water_garden, layout_basic
D:2:      layout_basic, elyvilon_altar_4, lemuel_doored_altar, uniq_jessica,
          uniq_sigmund

Skill      XL: |  1  2  3 |
---------------+----------+-----
Stealth        | 4 5 6 |  6.5
Dodging        | |  3.0
Spellcasting   | |  2.6
Transmutations | |  1.3
Earth Magic    | |  2.6

Action                   || total
-------------------------++-------
Melee: Unarmed           ||     4
       Whip              ||    73
 Cast: Sandblast         ||    27
 Stab: Sleeping          ||     2
Armor: Robe              ||     6
Dodge: Dodged            ||    70

Table legend:
 A = Non-vault XP
 B = Vault XP
 C = Vault XP percentage of total XP
 D = Non-vault monster count
 E = Vault monster count
 F = Vault count percentage of total count
                 A         B        C        D         E       F
            +---------+---------+-------+---------+---------+-------
      Total |      80 |       0 |   0.0 |      32 |       0 |   0.0
            +---------+---------+-------+---------+---------+-------
        D:1 |      21 |       0 |   0.0 |      14 |       0 |   0.0
        D:2 |      59 |       0 |   0.0 |      18 |       0 |   0.0
            +---------+---------+-------+---------+---------+-------
